 Dungeon Crawl Stone Soup version 0.13-a0-1693-g8ac13c1 (console) character file.

1544 Kellhus the Conjurer (level 8, 49/50 HPs)
             Began as a Human Wizard on June 20, 2013.
             Quit the game on Level 6 of the Dungeon.
             The game lasted 00:10:39 (6886 turns).

Kellhus the Conjurer (Human Wizard)                 Turns: 6886, Time: 00:10:39

HP  49/50        AC  6     Str  7      XL: 8   Next: 81%
MP  11/20        EV 12     Int 21      God:
Gold 284         SH  0     Dex 12      Spells:  3 memorised, 10 levels left

Res.Fire  : . . .   See Invis. : .   (no weapon)
Res.Cold  : . . .   Warding    : .   a - +0 robe
Life Prot.: . . .   Conserve   : .   (no shield)
Res.Poison: +       Res.Corr.  : .   b - +0 wizard hat
Res.Elec. : .       Clarity    : .   L - +1 dwarf cloak
Sust.Abil.: . .     Spirit.Shd : .   I - +0 pair of elf gauntlets
Res.Mut.  : +       Stasis     : .   f - +0 pair of boots
Res.Rott. : .       Flight     : .   k - amulet of resist mutation
Saprovore : . . .                    y - ring of protection from magic
                                     i - ring of poison resistance

@: quite resistant to hostile enchantments, fairly stealthy
A: no striking features
a: no special abilities


You were on level 6 of the Dungeon.
You were not hungry.

You visited 1 branch of the dungeon, and saw 6 of its levels.

You collected 264 gold pieces.

Inventory:

Armour
 a - a +0 robe (worn)
 b - a +0 wizard hat (worn)
 f - a +0 pair of boots (worn)
 I - a +0 pair of elven gauntlets (worn)
 L - a +1 dwarven cloak (worn)
Magical devices
 H - a wand of digging (10) {unknown}
 O - a wand of random effects (9) {unknown}
Comestibles
 d - 4 bread rations
 m - 3 meat rations
 u - 2 pears
 B - 2 chokos
 G - 3 apples
Scrolls
 j - 2 scrolls of blinking {unknown}
 p - 6 scrolls of teleportation
 x - a scroll of remove curse {unknown}
 C - 2 scrolls of enchant weapon II {unknown}
 D - 2 scrolls of amnesia {unknown}
 K - a scroll of silence {unknown}
Jewellery
 e - an uncursed ring of fire
 i - a ring of poison resistance (left hand)
 k - an amulet of resist mutation (around neck)
 v - a cursed amulet of clarity {unknown}
 y - a ring of protection from magic (right hand)
 E - an uncursed amulet of stasis {unknown}
Potions
 g - 2 potions of curing {unknown}
 h - a potion of might {unknown}
 l - a potion of slowing {unknown}
 n - 4 potions of brilliance {unknown}
 o - 3 potions of resistance {unknown}
 q - a potion of speed {unknown}
 r - 4 potions of invisibility {unknown}
 s - 2 potions of restore abilities {unknown}
 t - 2 potions of experience {unknown}
 A - a potion of beneficial mutation {unknown}
 F - a potion of porridge {unknown}
Books
 c - a book of Minor Magic

   Spells                             Type                      Level
   *Magic Dart                        Conjuration                  1
   Blink                              Translocation                2
   Call Imp                           Summoning                    2
   Repel Missiles                     Charms/Air                   2
   Slow                               Hexes                        2
   *Conjure Flame                     Conjuration/Fire             3
   *Mephitic Cloud                    Conjuration/Poison/Air       3


   Skills:
 - Level 2.0 Dodging
 - Level 2.0 Stealth
 - Level 5.0 Spellcasting
 + Level 8.5 Conjurations
   Level 1.0 Summonings
   Level 1.0 Translocations


You had 10 spell levels left.
You knew the following spells:

 Your Spells              Type           Power        Failure   Level  Hunger
a - Magic Dart            Conj           ####         1%          1    None
b - Conjure Flame         Conj/Fire      ###.....     6%          3    ##.....
c - Mephitic Cloud        Conj/Pois/Air  ###.....     12%         3    ##.....


Dungeon Overview and Level Annotations

Branches:
Dungeon (6/27)
 Temple: D:4-7          Orc: D:6-11

Altars:
Elyvilon
Fedhas


Message History

The magic dart hits the hobgoblin.
You kill the hobgoblin!
Casting: Magic Dart
Confirm with . or Enter, or press ? or * to list all spells.
You can't see any susceptible monsters within range! (Use Z to cast anyway.)
An iguana zombie comes into view.
An iguana zombie is nearby!
Casting: Magic Dart
Confirm with . or Enter, or press ? or * to list all spells.
Aiming: Magic Dart
Press: ? - help, Shift-Dir - straight line, f - iguana zombie
Aim: an iguana zombie (hasn't noticed you)
The magic dart hits the iguana zombie.
Casting: Magic Dart
Confirm with . or Enter, or press ? or * to list all spells.
Aiming: Magic Dart
Press: ? - help, Shift-Dir - straight line, f/p - iguana zombie
Aim: an iguana zombie The magic dart hits the iguana zombie.
Are you sure you want to abandon this character and quit the game? (Confirm with "yes".)

###...................^..#######
#.......#####>########........
#.......# #z# #.#######
#.......# #.# #.# .... #.# #.#
#.########.# #......(...#######
#.########........ #@# #.#######
#.# #.# #.# #.# #%# #.# ... ..#
### #.. #.# #.# #.#


You could see an iguana zombie.

Vanquished Creatures
  Menkaure (D:6)
  A phantom (D:4)
  An ogre (D:5)
  3 centaurs
  A giant frog (D:6)
  A gnoll sergeant (D:5)
  4 crimson imps (D:5)
  An orc priest (D:3)
  A hound (D:5)
  3 orc wizards
  3 worker ants
  4 gnolls (D:5)
  10 adders
  4 worms
  2 giant eyeballs
  4 giant geckos
  4 oozes
  17 orcs
  A ball python (D:2)
  9 bats
  4 giant cockroaches
  9 hobgoblins
  3 quokkas
  7 giant newts
  4 goblins
  A goblin skeleton (D:5)
  12 kobolds
  A kobold skeleton (D:5)
  A kobold zombie (D:6)
  A quokka zombie (D:5)
  20 rats
138 creatures vanquished.

Vanquished Creatures (others)
  A goblin (D:1)
  A quokka (D:4)
2 creatures vanquished.

Grand Total: 140 creatures vanquished

Notes
Turn   | Place    | Note
--------------------------------------------------------------
     0 | D:1      | Kellhus, the Human Wizard, began the quest for the Orb.
     0 | D:1      | Reached XP level 1. HP: 11/11 MP: 5/5
   376 | D:1      | Reached XP level 2. HP: 17/17 MP: 5/7
   961 | D:1      | Reached XP level 3. HP: 15/22 MP: 1/9
  1760 | D:2      | Reached XP level 4. HP: 24/28 MP: 1/11
  1932 | D:2      | Found a blossoming altar of Fedhas.
  2013 | D:2      | Found a white marble altar of Elyvilon.
  2289 | D:3      | Reached skill level 4 in Conjurations
  2662 | D:4      | Noticed a phantom
  2662 | D:4      | Noticed a centaur
  2672 | D:4      | Killed a centaur
  2672 | D:4      | Reached skill level 5 in Conjurations
  2672 | D:4      | Reached XP level 5. HP: 27/33 MP: 3/12
  2838 | D:4      | Killed a phantom
  2838 | D:4      | Reached skill level 6 in Conjurations
  2838 | D:4      | Reached XP level 6. HP: 39/39 MP: 1/14
  3036 | D:3      | Learned a level 3 spell: Conjure Flame
  3040 | D:3      | Learned a level 3 spell: Mephitic Cloud
  3954 | D:4      | Reached XP level 7. HP: 44/44 MP: 16/16
  4544 | D:5      | Entered Level 5 of the Dungeon
  4681 | D:5      | Reached skill level 7 in Conjurations
  5939 | D:5      | Reached XP level 8. HP: 50/50 MP: 11/20
  5955 | D:5      | Reached skill level 5 in Spellcasting
  6665 | D:6      | Reached skill level 8 in Conjurations
  6762 | D:6      | Noticed Menkaure
  6772 | D:6      | Killed Menkaure
  6840 | D:6      | Paralysed by a giant eyeball for 2 turns
  6886 | D:6      | Quit the game

Action                   |  1- 3 |  4- 6 |  7- 9 || total
-------------------------+-------+-------+-------++-------
Melee: Unarmed           |    21 |       |    10 ||    31
 Cast: Magic Dart        |   100 |   128 |   253 ||   481
       Mephitic Cloud    |       |     1 |     6 ||     7
       Conjure Flame     |       |       |     2 ||     2
  Use: Scroll            |       |     1 |     3 ||     4
